 Dungeon Crawl Stone Soup version 0.29-a0-322-g68df515 (webtiles) character file.

Game seed: 627961431388124087

56 Illumine the Skirmisher (level 3, 0/30 HPs)
             Began as a Barachi Fighter on Apr 9, 2022.
             Slain by a gnoll
             ... wielding a +0 halberd
              (3 damage)
             ... on level 2 of the Dungeon.
             The game lasted 00:02:47 (1664 turns).

Illumine the Skirmisher (Barachi Fighter)           Turns: 1664, Time: 00:02:48

Health: 0/30       AC:  8    Str: 19    XL:     3   Next: 95%
Magic:  3/3        EV:  9    Int:  8    God:
Gold:   82         SH:  4    Dex: 11    Spells: 2/2 levels left

rFire   . . .      SeeInvis .   a - +0 long sword
rCold   . . .      Faith    +   c - +0 buckler
rNeg    . . .      Spirit   .   b - +0 scale mail
rPois   .          Reflect  .   (no helmet)
rElec   .          Harm     .   g - +0 cloak
rCorr   .          Rampage  .   (no gloves)
Will    .....                   (no boots)
Stlth   ..........              j - amulet of faith
HPRegen 0.10/turn               (no ring)
MPRegen 0.08/turn               (no ring)

@: mighty, brilliant, unable to hop, slow
A: amphibious, slowness 1, strong legs 1, +LOS
a: Hop


You were on level 2 of the Dungeon.
You visited 1 branch of the dungeon, and saw 2 of its levels.

You collected 82 gold pieces.

Inventory:

Hand Weapons
 a - a +0 long sword (weapon)
Missiles
 h - 57 stones
Armour
 b - a +0 scale mail (worn)
 c - a +0 buckler (worn)
 g - a +0 cloak (worn)
Jewellery
 j - an amulet of faith (around neck)
Scrolls
 f - a scroll of vulnerability {unknown}
 i - 3 scrolls of identify {unknown}
 k - a scroll of teleportation {unknown}


   Skills:
 + Level 4.2 Fighting
 * Level 4.0 Long Blades
 - Level 3.6 Armour
 + Level 3.8 Shields


You had 2 spell levels left.
You didn't know any spells.
Your spell library contained the following spells:

 Spells                   Type           Power      Damage    Failure   Level
 Beastly Appendage        Tmut           0%         N/A       86%         1
 Wereblood                Tmut           0%         N/A       94%         2
 Portal Projectile        Hex/Tloc       0%         N/A       99%         3
 Spider Form              Tmut/Pois      0%         N/A       99%         3
 Blade Hands              Tmut           0%         N/A       100%        5
 Excruciating Wounds      Necr           0%         N/A       100%        5


Dungeon Overview and Level Annotations

Branches:
Dungeon (2/15)

Altars:


Innate Abilities, Weirdness & Mutations

You are amphibious.
You cover ground slowly.
You can hop short distances.
You have an extended range of vision and can be seen from far away.


Message History

No target in view! 2 gnolls come into view.
The gnoll shouts! x2
The teleport trap disappears.
The gnoll disappears!
A gnoll comes into view.
It is wielding a +0 whip of electrocution.
A quokka comes into view.
The gnoll moves out of view.
Found 7 gold pieces.
The gnoll shouts!
You block the gnoll's attack.
The gnoll hits you with a +0 whip of electrocution.
You are electrocuted!
Ouch! That really hurt!
The gnoll hits you from afar with a +0 halberd.
The gnoll attacks as you move away! The gnoll closely misses you.
Hop to where?
Press: ? - help, Dir - move target Boing!
Unknown command.
You feel very mighty all of a sudden.
You barely miss the gnoll. You block the gnoll's attack.
You completely miss the gnoll.
The gnoll hits you but does no damage. x2
You slash the gnoll!
The gnoll is heavily wounded.
You block the gnoll's attack. x3; The gnoll barely misses you.
You hit the gnoll.
The gnoll is severely wounded.
The gnoll hits you but does no damage. The gnoll closely misses you.
You slash the gnoll!
You kill the gnoll!
The gnoll hits you from afar with a +0 halberd!
* * * LOW HITPOINT WARNING * * *
Your Long Blades skill increases to level 4!
You see here a +0 leather armour.
The gnoll hits you from afar with a +0 halberd.
* * * LOW HITPOINT WARNING * * *
It was a potion of brilliance.
You feel clever all of a sudden.
The gnoll hits you from afar with a +0 halberd.
You die...

####.# ##..# #.# ##...#
#.# #.r..#
#######.######### #....#
#................ #g#..#
#.#####.#################
#.#... #.# #.g[.r)...#
#g#... #.# #.#######.#
#.#### #.# #@# #.# #.#
#.#######.# #g###.#
#.........# #...g.#
########### #######


You could see a gnoll.

Vanquished Creatures
  A gnoll (D:2)
  An adder (D:2)
  5 endoplasms
  3 giant cockroaches (D:1)
  5 goblins (D:1)
  3 hobgoblins
  3 ball pythons
  5 bats
  2 frilled lizards (D:1)
  3 kobolds
  8 rats
39 creatures vanquished.

Notes
Turn   | Place    | Note
-------+----------+-------------------------------------------
     0 | D:1      | Illumine the Barachi Fighter began the quest for the Orb.
     0 | D:1      | Reached XP level 1. HP: 18/18 MP: 1/1
   177 | D:1      | Found a faded altar of an unknown god.
   328 | D:1      | Reached XP level 2. HP: 20/25 MP: 2/2
   953 | D:1      | Reached XP level 3. HP: 30/30 MP: 3/3
  1664 | D:2      | Slain by a gnoll

Illustrated notes

Levels and vault maps discovered:
D:1:      evilmike_arrival_rings, layout_basic, ebering_ecumenical_altar_webs,
          minmay_tetromino_o4
D:2:      layout_loops_ring, hangedman_decor_slide_cut, chequers_jeans,
          minmay_quantized

Skill      XL: |  1  2  3 |
---------------+----------+-----
Long Blades    | 3 4 |  4.0
Fighting       | 4 |  4.2
Armour         | |  3.6
Shields        | |  3.8

Action                   || total
-------------------------++-------
Melee: Long sword        ||   118
 Abil: Hop               ||     1
  Use: Potion            ||     2
Armor: Scale mail        ||    76
Dodge: Dodged            ||    78
Block: Buckler           ||    36

Table legend: (Time is in decaauts)
 A = Elapsed time spent in this place.
 B = Non-inter-level travel time spent in this place.
 C = Inter-level travel time spent in this place.
 D = Time resting spent in this place.
 E = Time spent auto-exploring this place.
 F = Levels seen in this place.
 G = Mean time per level.
                   A        B        C        D        E       F      G
               +--------+--------+--------+--------+--------+-----+--------+
         Total |   1858 |   1845 |     13 |    300 |   1179 |   2 |  929.0 |
       Dungeon |   1858 |   1845 |     13 |    300 |   1179 |   2 |  929.0 |
               +--------+--------+--------+--------+--------+-----+--------+

Top non-repeatable levels by time:
     D:1: 1441 daAuts
     D:2: 417 daAuts
